 Dungeon Crawl Stone Soup version 0.27-a0-604-g29a88b33a7 (webtiles) character file.

Game seed: 4791621977399717243

545 sahdkjhfkaj the Firebug (level 6, -18/48 HPs)
             Began as a Demigod Fire Elementalist on Mar 13, 2021.
             Killed from afar by Ijyb (23 damage)
             ... with a bolt of acid
             ... on level 5 of the Dungeon.
             The game lasted 00:05:34 (5174 turns).

sahdkjhfkaj the Firebug (Demigod Fire Elementalist) Turns: 5174, Time: 00:05:35

Health: -18/48     AC: -2    Str:  9    XL:     6   Next: 77%
Magic:  3/13       EV: 12    Int: 25    God:
Gold:   49         SH:  0    Dex: 14    Spells: 1/10 levels left

rFire    . . .     SeeInvis .   a - +1 dagger (elec)
rCold    . . .     Faith    .   (no shield)
rNeg     . . .     Spirit   .   o - +0 robe
rPois    .         Reflect  .   (no helmet)
rElec    .         Harm     .   (no cloak)
rCorr    .         Rampage  .   (no gloves)
Will     +....                  (no boots)
Stlth    ++........             (no amulet)
HPRegen  0.16/turn              d - ring of willpower
MPRegen  0.13/turn              (no ring)

@: about to teleport, corroded
A: high mp 1, forlorn
a: no special abilities


You were on level 5 of the Dungeon.
You visited 1 branch of the dungeon, and saw 5 of its levels.

You collected 177 gold pieces.
You spent 128 gold pieces at shops.

Inventory:

Hand Weapons
 a - a +1 dagger of electrocution (weapon)
Armour
 o - a +0 robe (worn)
Jewellery
 d - a ring of willpower (right hand)
 f - a ring of positive energy
Wands
 r - a wand of iceblast (3)
Scrolls
 b - a scroll of immolation
 k - 2 scrolls of enchant weapon
 l - a scroll of teleportation
 q - 2 scrolls of amnesia
Potions
 c - 2 potions of lignification
 e - a potion of heal wounds {unknown}
 g - a potion of flight {unknown}
 h - a potion of berserk rage {unknown}
 i - a potion of magic {unknown}
 j - a potion of attraction {unknown}
 m - a potion of resistance {unknown}
 n - 2 potions of invisibility {unknown}
 p - 2 potions of might {unknown}


   Skills:
 - Level 2.0 Fighting
 - Level 2.0 Short Blades
 - Level 1.7 Dodging
 - Level 1.7 Stealth
 - Level 2.7 Spellcasting
 - Level 3.3 Conjurations
 + Level 1.4 Transmutations
 - Level 4.4 Fire Magic
 + Level 1.4 Earth Magic


You had one spell level left.
You knew the following spells:

 Your Spells              Type           Power      Damage    Failure   Level
a - Foxfire               Conj/Fire      88%        2x1d8     2%          1
c - Sticky Flame          Conj/Fire      22%        2d4       22%         4
d - Petrify               Tmut/Erth      10%        N/A       50%         4

Your spell library contained the following spells:

 Spells                   Type           Power      Damage    Failure   Level
 Conjure Flame            Conj/Fire      22%        6-21      6%          3
 Inner Flame              Hex/Fire       14%        N/A       13%         3
 Confusing Touch          Hex            3%         N/A       30%         3
 Gell's Gravitas          Tloc           1%         N/A       30%         3
 Fireball                 Conj/Fire      11%        3d7       52%         5
 Yara's Violent Unravell  Hex/Tmut       3%         3d4       91%         5
 Metabolic Englaciation   Hex/Ice        1%         N/A       96%         5


Dungeon Overview and Level Annotations

Branches:
Dungeon (5/15)
 Temple: D:4-7

Shops:
D:4 *

Annotations:
D:5 Ijyb


Innate Abilities, Weirdness & Mutations

Your attributes grow dramatically as you level up.
You have an increased reservoir of magic. (+10% MP)
You shall have no god before yourself.


Message History

You see here 17 stones.
There is an open door here.
There is an open door here.
Done exploring.
Done exploring.
Done exploring.
Done exploring.
(D) Dungeon
Where to? (Enter - D:4, ? - help)
There is a stone staircase leading up here.
You see here a +0 rapier.
There is a stone staircase leading down here.
You climb downwards.
There is a stone staircase leading up here.
Found a blossoming altar of Fedhas.
You enter the shallow water.
Moving in this stuff is going to be slow.
Found 28 stones.
Ijyb the Twisted Goblin comes into view.
She is wielding a +0 club and carrying a wand of acid (4).
Ijyb shouts!
Ijyb is nearby!
Ijyb is nearby!
The spell is quite dangerous to cast (50% risk of failure)!
Continue anyway?
Aim: Ijyb, wielding a +0 club, wearing a +0 leather armour and carrying a wand of acid (4) (chance to affect: 50%) Ijyb resists with some effort.
The spell is quite dangerous to cast (50% risk of failure)!
Continue anyway?
Aim: Ijyb, wielding a +0 club, wearing a +0 leather armour and carrying a wand of acid (4) (chance to affect: 50%) Ijyb resists with some effort.
The spell is quite dangerous to cast (50% risk of failure)!
Continue anyway?
Aim: Ijyb, wielding a +0 club, wearing a +0 leather armour and carrying a wand of acid (4) (chance to affect: 50%) Ijyb resists with some effort.
Ijyb zaps a wand.
The bolt of acid misses you.
Ijyb screams, "It's all mine!"
Ijyb zaps a wand.
The bolt of acid hits you! The acid corrodes you!
You are splashed with acid!
Ijyb zaps a wand.
The bolt of acid hits you!
You are splashed with acid!
* * * LOW HITPOINT WARNING * * *
As you read the scroll of teleportation, it crumbles to dust.
You feel strangely unstable.
Ijyb zaps a wand.
The bolt of acid hits you!!
You die...

##### ####### #...#######
#≈....# #.#........
#≈≈.≈≈# #...####.##
#.≈_≈.##########.## #....
#.≈≈≈≈..@....##...####.#.
#...≈≈#####..g...........
##.#.## ##.##...####.#.
#...# #####.## #.## ###.#
#.# #.# #.# ..# #(. #.#
##.# ##. #.# #.# .# #.#
.# .#


You could see Ijyb.

Vanquished Creatures
  2 ogres (D:4)
  4 hounds (D:4)
  A centaur skeleton (D:4)
  2 orc wizards (D:2)
  7 adders
  An ufetubus (D:4)
  An ooze (D:1)
  2 adder skeletons (D:4)
  4 worms
  6 dart slugs
  3 leopard geckos
  5 orcs
  4 giant cockroaches
  10 goblins
  9 hobgoblins
  6 jackals (D:2)
  A ball python (D:1)
  8 bats
  4 frilled lizards
  2 kobolds (D:1)
  4 rats
86 creatures vanquished.

Vanquished Creatures (collateral kills)
  A foxfire (D:4)
1 creature vanquished.

Vanquished Creatures (others)
  384 foxfires
384 creatures vanquished.

Grand Total: 471 creatures vanquished

Notes
Turn   | Place    | Note
-------+----------+-------------------------------------------
     0 | D:1      | sahdkjhfkaj the Demigod Fire Elementalist began the quest
                  | for the Orb.
     0 | D:1      | Reached XP level 1. HP: 14/14 MP: 5/5
    66 | D:1      | Reached skill level 1 in Conjurations
   494 | D:1      | Reached XP level 2. HP: 20/20 MP: 4/7
   619 | D:1      | Reached skill level 3 in Fire Magic
  1293 | D:2      | Reached XP level 3. HP: 19/27 MP: 0/8
  1505 | D:2      | You fall into a shaft and drop 1 floor!
  1628 | D:3      | Reached skill level 1 in Fighting
  2085 | D:2      | Reached XP level 4. HP: 30/35 MP: 2/10
  2391 | D:2      | Learned a level 4 spell: Sticky Flame
  2793 | D:2      | Reached XP level 5. HP: 40/40 MP: 6/11
  3936 | D:3      | Reached skill level 1 in Short Blades
  4068 | D:4      | Noticed an ogre
  4073 | D:4      | Killed an ogre
  4074 | D:4      | Reached skill level 4 in Fire Magic
  4254 | D:4      | Found Siwamulu's Assorted Antiques.
  4266 | D:4      | Reached XP level 6. HP: 48/48 MP: 8/12
  4267 | D:4      | Bought a scroll of identify for 64 gold pieces
  4267 | D:4      | Bought a scroll of identify for 64 gold pieces
  4404 | D:4      | Learned a level 4 spell: Petrify
  4565 | D:4      | Reached skill level 1 in Transmutations
  4565 | D:4      | Reached skill level 1 in Earth Magic
  4646 | D:4      | Identified the +0 cloak of Vehumet's Fury {Harm rPois}
  5114 | D:5      | Entered Level 5 of the Dungeon
  5154 | D:5      | Noticed Ijyb
  5174 | D:5      | Killed from afar by Ijyb

Illustrated notes

Levels and vault maps discovered:
D:1:      psy_arrival_basics, layout_loops_cross, minmay_vboxes
D:2:      layout_basic, kennysheep_generic_room_13
D:3:      layout_loops_cross, guppyfry_early_orc_mine
D:4:      layout_cave_pools, nicolae_hepliaklqana_hazy_memory,
          nicolae_overflow_hidden_temple, serial_shops, shop,
          grunt_decor_clamped
D:5:      layout_loops_ring, fedhas_altar_2, basic_altar, uniq_ijyb

Skill      XL: |  1  2  3  4  5  6 |
---------------+-------------------+-----
Conjurations   | 1 2 3 |  3.3
Spellcasting   | 2 |  2.7
Fire Magic     | 3 4 |  4.4
Fighting       | 1 2 |  2.0
Short Blades   | 1 2 |  2.0
Transmutations | 1 |  1.4
Earth Magic    | 1 |  1.4
Dodging        | |  1.7
Stealth        | |  1.7

Action                   |  1- 3 |  4- 6 || total
-------------------------+-------+-------++-------
Melee: Unarmed           |    19 |     6 ||    25
       Dagger            |       |    13 ||    13
 Cast: Foxfire           |   101 |   154 ||   255
       Petrify           |       |     3 ||     3
  Use: Scroll            |       |     6 ||     6
Armor: Robe              |     8 |     7 ||    15
Dodge: Dodged            |    35 |    43 ||    78

Table legend: (Time is in decaauts)
 A = Elapsed time spent in this place.
 B = Non-inter-level travel time spent in this place.
 C = Inter-level travel time spent in this place.
 D = Time resting spent in this place.
 E = Time spent auto-exploring this place.
 F = Levels seen in this place.
 G = Mean time per level.
                   A        B        C        D        E       F      G
               +--------+--------+--------+--------+--------+-----+--------+
         Total |   5178 |   5033 |    145 |      0 |   4452 |   5 | 1035.6 |
       Dungeon |   5178 |   5033 |    145 |      0 |   4452 |   5 | 1035.6 |
               +--------+--------+--------+--------+--------+-----+--------+

Top non-repeatable levels by time:
     D:1: 1581 daAuts
     D:2: 1370 daAuts
     D:3: 1110 daAuts
     D:4: 1055 daAuts
     D:5: 60 daAuts
